 Dungeon Crawl Stone Soup version 0.29.1-15-g9cfb28693d (webtiles) character file.

Game seed: 3499734084521127291

269 Eitelfritz the Slasher (level 6, 0/51 HPs)
             Began as a Minotaur Gladiator on Apr 9, 2023.
             Slain by Blork the orc
             ... wielding a +0 dire flail
              (14 damage)
             ... on level 4 of the Dungeon.
             The game lasted 00:07:04 (2565 turns).

Eitelfritz the Slasher (Minotaur Gladiator)         Turns: 2565, Time: 00:07:05

Health: 0/51       AC:  3    Str: 18    XL:     6   Next: 1%
Magic:  5/5        EV: 12    Int:  7    God:
Gold:   140        SH:  0    Dex: 12    Spells: 5/5 levels left

rFire   + + .      SeeInvis .   a - +1 long sword
rCold   . . .      Faith    .   (no shield)
rNeg    . . .      Spirit   .   i - +0 leather armour {rF+}
rPois   .          Reflect  .   c - +0 hat
rElec   .          Harm     .   j - scarf {repulsion}
rCorr   .          Rampage  .   (no gloves)
Will    .....                   (no boots)
Stlth   +.........              (no amulet)
HPRegen 0.17/turn               n - ring of protection from fire
MPRegen 0.09/turn               (no ring)

@: repel missiles
A: horns 2, retaliatory headbutt
a: no special abilities


You were on level 4 of the Dungeon.
You visited 1 branch of the dungeon, and saw 4 of its levels.

You collected 315 gold pieces.
You spent 175 gold pieces at shops.

Inventory:

Hand Weapons
 a - a +1 long sword (weapon)
 b - a +0 sling
 o - a +2 mace of protection
 x - a +0 broad axe of venom
Missiles
 d - 3 throwing nets (quivered)
 e - a javelin
 u - 2 poisoned darts
Armour
 c - a +0 hat (worn)
 i - a +0 leather armour of fire resistance (worn)
 j - a scarf of repulsion (worn)
 q - a +0 chain mail
Jewellery
 n - a ring of protection from fire (left hand)
Scrolls
 f - a scroll of silence
 r - a scroll of immolation
Potions
 g - a potion of brilliance
 h - a potion of might {unknown}
 m - a potion of attraction {unknown}
 p - a potion of lignification {unknown}
 s - a potion of curing {unknown}
 t - a potion of invisibility {unknown}
 v - a potion of resistance {unknown}


   Skills:
 + Level 3.4 Fighting
 + Level 6.2 Long Blades
 + Level 2.1 Throwing
 + Level 2.8 Armour
 + Level 4.0 Dodging
 + Level 0.8 Stealth


You had 5 spell levels left.
You didn't know any spells.
Your spell library contained the following spells:

 Spells                   Type           Power      Damage    Failure   Level
 Freeze                   Ice            0%         1d3       50%         1
 Frozen Ramparts          Ice            0%         1d1       86%         3
 Ignite Poison            Fire/Tmut/Pois 0%         N/A       86%         3
 Mephitic Cloud           Conj/Pois/Air  0%         N/A       86%         3
 Hailstorm                Conj/Ice       0%         3d3       99%         4
 Freezing Cloud           Conj/Ice/Air   0%         6-21      100%        5


Dungeon Overview and Level Annotations

Branches:
Dungeon (4/15)
 Temple: D:4-7

Altars:
Kikubaaqudgha
Okawaru

Shops:
D:2 (

Annotations:
D:4 Blork the orc, Dowan, Duvessa


Innate Abilities, Weirdness & Mutations

You have a pair of horns on your head.
You reflexively headbutt those who attack you in melee.


Message History

You hit the adder. You headbutt the adder!
You kill the adder!
You see here an adder corpse.
You now have 140 gold pieces (gained 6).
An orc priest comes into view. It is wielding a +0 trident.
Found a buckler.
The orc priest shouts!
You hear a shout!
An orc comes into view. It is wielding a +0 dagger.
The orc priest calls down the wrath of Beogh upon you.
Pain shoots through your body!
The orc shouts!
Blork the orc and an orc come into view.
Blork the orc shouts!
You hear a shout!
The orc priest calls down the wrath of Beogh upon you.
Beogh smites you!
Blork the orc gestures at you while chanting.
The puff of flame hits you. You resist.
An orc comes into view. It is wielding a +0 club.
The orc shouts!
A quokka comes into view.
The orc priest hits you from afar with a +0 trident.
The orc attacks as you move away! The orc hits you with a +0 dagger.
The orc priest mumbles some strange prayers to Beogh against you.
Beogh smites you!
* * * LOW HITPOINT WARNING * * *
You barely miss the orc. The orc closely misses you.
You hit the orc but do no damage.
The orc priest miscasts a cantrip.
The orc closely misses you. You furiously retaliate!
You headbutt the orc!
You kill the orc!
You have reached level 6!
Okay, then.
You hit the orc but do no damage. You headbutt the orc.
You kill the orc!
You closely miss Blork the orc.
Blork the orc mumbles some strange words.
Blork the orc seems to speed up.
You closely miss Blork the orc. Your headbutt misses Blork the orc.
Blork the orc hits you with a +0 dire flail!
You die...

... ##. .... #..
....###.####
........[..
..........
.......o.
.^....or# #.##o#
#.##@#
#.##.###########
#.##...........#
#.##.#########.#
#.##.# ##.#
#.##.# #..#
#.##.########.##
#.##..........#
##†##########..#


You could see Blork the orc (fast), an orc priest, an orc and a quokka.

Vanquished Creatures
  Eustachio (D:3)
  4 gnolls (D:4)
  2 adders
  3 dart slugs
  3 orcs
  4 endoplasms
  2 giant cockroaches (D:2)
  6 goblins
  4 hobgoblins
  4 jackals (D:3)
  3 quokkas
  7 ball pythons
  7 bats
  5 frilled lizards
  4 kobolds
  3 rats
62 creatures vanquished.

Notes
Turn   | Place    | Note
-------+----------+-------------------------------------------
     0 | D:1      | Eitelfritz the Minotaur Gladiator began the quest for the
                  | Orb.
     0 | D:1      | Reached XP level 1. HP: 18/18 MP: 0/0
   209 | D:1      | Reached skill level 4 in Long Blades
   250 | D:1      | Reached XP level 2. HP: 25/25 MP: 1/1
   463 | D:1      | Found a faded altar of an unknown god.
   740 | D:2      | Found an ancient bone altar of Kikubaaqudgha.
   775 | D:2      | Reached XP level 3. HP: 26/30 MP: 2/2
   822 | D:2      | Found Gepnaexa's Antique Weapon Emporium.
  1075 | D:3      | Reached skill level 1 in Armour
  1183 | D:3      | Found an iron altar of Okawaru.
  1410 | D:3      | Reached skill level 5 in Long Blades
  1849 | D:3      | Reached XP level 4. HP: 28/37 MP: 3/3
  2091 | D:2      | Bought a runed broad axe for 175 gold pieces
  2150 | D:4      | Noticed Duvessa
  2150 | D:4      | Noticed Dowan
  2189 | D:4      | Noticed Eustachio
  2202 | D:3      | Killed Eustachio
  2203 | D:3      | Reached skill level 6 in Long Blades
  2203 | D:3      | Reached XP level 5. HP: 33/45 MP: 4/4
  2558 | D:4      | Noticed Blork the orc
  2563 | D:4      | Reached XP level 6. HP: 13/51 MP: 5/5
  2565 | D:4      | Slain by Blork the orc

Illustrated notes

Levels and vault maps discovered:
D:1:      dpeg_arrival_snail, layout_basic, ebering_ecumenical_altar_rust
D:2:      layout_loops_cross, serial_shops, shop, basic_altar,
          nicolae_underground_beach
D:3:      layout_basic, amcnicky_altar_gilded
D:4:      layout_loops_ring, uniq_crazy_yiuf_cottage, uniq_duvessa,
          uniq_eustachio, uniq_blork_the_orc, uniq_robin

Skill      XL: |  1  2  3  4  5 |
---------------+----------------+-----
Long Blades    | 4 5 6 |  6.2
Armour         | 1 2 |  2.8
Fighting       | 3 |  3.4
Dodging        | 4 |  4.0
Throwing       | |  2.1
Stealth        | |  0.8

Action                   |  1- 3 |  4- 6 || total
-------------------------+-------+-------++-------
Melee: Long sword        |   106 |    36 ||   142
       Headbutt          |    13 |     7 ||    20
       Punch             |     2 |     1 ||     3
  Use: Scroll            |       |     6 ||     6
Armor: Leather armour    |     3 |     1 ||     4
       Ring mail         |    21 |       ||    21
       Chain mail        |    24 |     5 ||    29
Dodge: Dodged            |    78 |    16 ||    94
       Repelled          |     2 |       ||     2
